[ AOE2 MATCH · #507848734 ]
UnrankedMalay vs Sicilians
Player's team · WIN
[ REPLAY ANALYSIS · EXTRACTED FROM THE RECORDED GAME ]
Feudal
8:02
Castle
21:54
Imperial
39:49
| APM avg | 41.2 |
| APM peak | 80 |
| eAPM avg | 22.7 |
| Villagers / military | 157 / 165 |
Focus
⚔️ 33.3% · 🌾 66.7%
Spearman ×75 · Archer ×68 · Mangonel ×12 · Bombard Cannon ×7 · Trebuchet (Packed) ×3
Feudal
9:30
Castle
27:20
Imperial
46:54
| APM avg | 65.2 |
| APM peak | 120 |
| eAPM avg | 42.0 |
| Villagers / military | 169 / 213 |
Focus
⚔️ 37.1% · 🌾 62.9%
Knight ×111 · Serjeant ×85 · Battering Ram ×11 · Monk ×5 · Mangonel ×1
Match map
Initial resources + every placement click. Lines = walls · curves = elevation contours. ◆ gold · ⬟ stone · ● berries · ✦ relic · ◌ wall gap
Your base· ✓ Closed at 21:54 · 15t walls · 4 gate(s)
Im_16Years_Old_IamCaPte's base· ✓ Closed at 27:20 · 35t walls · 5 gate(s)
Smoothed initial terrain · ◌ = detected wall gap · hover for details
Inputs per minute
— _DaViCy_ - - Im_16Years_Old_IamCaPte
Build order — _DaViCy_
First 150 of 603 actions detected
| 0:00 | Create | Villager (Male) |
| 0:02 | Build | House |
| 0:02 | Build | House |
| 0:07 | Create | Villager (Male) |
| 0:07 | Create | Villager (Male) |
| 0:09 | Create | Villager (Male) |
| 1:26 | Create | Villager (Male) |
| 1:26 | Create | Villager (Male) |
| 1:52 | Build | Lumber Camp |
| 2:02 | Create | Villager (Male) |
| 2:02 | Create | Villager (Male) |
| 2:16 | Create | Villager (Male) |
| 2:16 | Create | Villager (Male) |
| 2:46 | Create | Villager (Male) |
| 2:46 | Create | Villager (Male) |
| 3:16 | Create | Villager (Male) |
| 3:17 | Create | Villager (Male) |
| 3:27 | Build | House |
| 3:47 | Create | Villager (Male) |
| 3:48 | Create | Villager (Male) |
| 4:07 | Create | Villager (Male) |
| 4:23 | Build | Mill |
| 4:56 | Create | Villager (Male) |
| 4:56 | Create | Villager (Male) |
| 5:42 | Create | Villager (Male) |
| 6:10 | Create | Villager (Male) |
| 6:44 | Research | Feudal Age |
| 6:44 | Research | Feudal Age |
| 7:37 | Create | Villager (Male) |
| 7:41 | Build | House |
| 8:02 | Age | Feudal Age |
| 8:13 | Build | House |
| 8:28 | Create | Villager (Male) |
| 8:38 | Build | House |
| 8:43 | Research | Double-Bit Axe |
| 8:43 | Research | Double-Bit Axe |
| 8:44 | Research | Horse Collar |
| 8:44 | Research | Horse Collar |
| 8:52 | Create | Villager (Male) |
| 8:56 | Build | Mining Camp |
| 9:02 | Research | Loom |
| 9:15 | Build | Farm |
| 9:16 | Create | Villager (Male) |
| 9:27 | Build | Farm |
| 10:05 | Create | Villager (Male) |
| 10:09 | Build | Farm |
| 10:12 | Create | Villager (Male) |
| 10:23 | Build | House |
| 10:30 | Build | Watch Tower |
| 10:38 | Build | House |
| 10:42 | Create | Villager (Male) |
| 10:46 | Build | Farm |
| 10:51 | Build | Palisade Wall |
| 11:01 | Create | Villager (Male) |
| 11:11 | Build | Farm |
| 11:27 | Create | Villager (Male) |
| 11:29 | Build | Farm |
| 11:49 | Build | House |
| 11:52 | Build | Palisade Wall |
| 11:58 | Build | House |
| 11:59 | Create | Villager (Male) |
| 12:01 | Build | Farm |
| 12:10 | Build | House |
| 12:12 | Build | Palisade Wall |
| 12:14 | Build | Palisade Wall |
| 12:18 | Build | Palisade Wall |
| 12:25 | Build | Watch Tower |
| 12:27 | Build | Palisade Wall |
| 12:29 | Build | Palisade Wall |
| 12:33 | Create | Villager (Male) |
| 12:45 | Build | Mill |
| 12:58 | Create | Villager (Male) |
| 13:20 | Build | Farm |
| 13:33 | Create | Villager (Male) |
| 13:33 | Create | Villager (Male) |
| 13:40 | Build | Farm |
| 13:50 | Build | Farm |
| 14:15 | Build | Mining Camp |
| 14:19 | Research | Wheelbarrow |
| 14:36 | Build | Watch Tower |
| 14:43 | Create | Villager (Male) |
| 14:53 | Build | Palisade Wall |
| 14:59 | Build | House |
| 15:02 | Build | House |
| 15:04 | Build | House |
| 15:06 | Build | Palisade Wall |
| 15:12 | Build | Palisade Gate |
| 15:23 | Create | Villager (Male) |
| 15:39 | Create | Villager (Male) |
| 15:49 | Build | Watch Tower |
| 16:40 | Create | Villager (Male) |
| 16:47 | Build | House |
| 16:51 | Build | House |
| 16:52 | Build | House |
| 16:56 | Create | Villager (Male) |
| 17:05 | Build | Palisade Wall |
| 17:11 | Create | Villager (Male) |
| 17:35 | Build | Watch Tower |
| 17:48 | Build | House |
| 17:51 | Build | Palisade Wall |
| 17:52 | Create | Villager (Male) |
| 18:06 | Build | Farm |
| 18:08 | Build | Farm |
| 18:10 | Build | Farm |
| 18:31 | Build | Blacksmith |
| 18:35 | Create | Villager (Male) |
| 18:55 | Create | Villager (Male) |
| 19:02 | Build | Mining Camp |
| 19:24 | Build | Market |
| 19:27 | Research | Town Watch |
| 19:35 | Build | Lumber Camp |
| 19:42 | Create | Villager (Male) |
| 20:15 | Build | Watch Tower |
| 20:18 | Research | Castle Age |
| 20:18 | Research | Castle Age |
| 20:20 | Research | Fletching |
| 20:21 | Research | Fletching |
| 20:33 | Build | Watch Tower |
| 21:17 | Create | Villager (Male) |
| 21:18 | Build | Watch Tower |
| 21:32 | Build | Farm |
| 21:34 | Build | Farm |
| 21:54 | Age | Castle Age |
| 22:05 | Research | Bodkin Arrow |
| 22:05 | Research | Bodkin Arrow |
| 22:08 | Create | Villager (Male) |
| 22:35 | Create | Villager (Male) |
| 22:39 | Build | Farm |
| 23:05 | Build | Lumber Camp |
| 23:06 | Create | Villager (Male) |
| 23:22 | Research | Bow Saw |
| 23:31 | Create | Villager (Male) |
| 23:53 | Create | Villager (Male) |
| 23:58 | Build | Siege Workshop |
| 24:18 | Create | Villager (Male) |
| 24:43 | Build | Lumber Camp |
| 24:45 | Create | Villager (Male) |
| 24:49 | Create | Mangonel |
| 25:05 | Research | Gold Mining |
| 25:09 | Create | Villager (Male) |
| 25:13 | Create | Mangonel |
| 25:28 | Build | University |
| 25:33 | Create | Villager (Male) |
| 25:48 | Create | Mangonel |
| 26:01 | Create | Villager (Male) |
| 26:05 | Create | Mangonel |
| 26:50 | Create | Villager (Male) |
| 26:53 | Create | Mangonel |
| 27:05 | Research | Guard Tower (upgrade) |
| 27:05 | Research | Guard Tower (upgrade) |
Build order — Im_16Years_Old_IamCaPte
First 150 of 579 actions detected
| 0:00 | Create | Villager (Male) |
| 0:00 | Create | Villager (Male) |
| 0:00 | Create | Villager (Male) |
| 0:01 | Build | House |
| 0:02 | Build | House |
| 0:22 | Create | Villager (Male) |
| 1:13 | Create | Villager (Male) |
| 1:13 | Create | Villager (Male) |
| 1:13 | Create | Villager (Male) |
| 2:04 | Create | Villager (Male) |
| 2:04 | Create | Villager (Male) |
| 2:05 | Create | Villager (Male) |
| 2:05 | Create | Villager (Male) |
| 2:09 | Build | Lumber Camp |
| 2:52 | Create | Villager (Male) |
| 2:53 | Create | Villager (Male) |
| 2:54 | Create | Villager (Male) |
| 2:54 | Create | Villager (Male) |
| 2:58 | Build | House |
| 3:21 | Create | Villager (Male) |
| 3:59 | Create | Villager (Male) |
| 3:59 | Create | Villager (Male) |
| 3:59 | Create | Villager (Male) |
| 4:15 | Build | House |
| 4:17 | Create | Villager (Male) |
| 4:30 | Create | Villager (Male) |
| 4:30 | Create | Villager (Male) |
| 4:31 | Create | Villager (Male) |
| 5:00 | Create | Villager (Male) |
| 5:37 | Build | House |
| 5:53 | Create | Villager (Male) |
| 6:26 | Research | Loom |
| 6:51 | Build | Mining Camp |
| 6:53 | Build | Mining Camp |
| 7:20 | Research | Feudal Age |
| 7:20 | Research | Feudal Age |
| 7:38 | Build | Mill |
| 8:12 | Build | Donjon |
| 8:31 | Build | Palisade Gate |
| 8:40 | Build | Palisade Wall |
| 8:41 | Build | Palisade Wall |
| 8:43 | Build | Palisade Wall |
| 8:45 | Build | Palisade Wall |
| 8:47 | Build | Palisade Wall |
| 8:48 | Build | Palisade Wall |
| 9:11 | Build | House |
| 9:30 | Age | Feudal Age |
| 9:32 | Create | Villager (Male) |
| 9:35 | Create | Serjeant |
| 9:36 | Create | Serjeant |
| 10:13 | Create | Serjeant |
| 10:20 | Create | Serjeant |
| 10:30 | Create | Villager (Male) |
| 10:30 | Create | Villager (Male) |
| 10:31 | Build | Farm |
| 10:37 | Build | Donjon |
| 10:45 | Create | Villager (Male) |
| 10:45 | Create | Villager (Male) |
| 10:45 | Create | Villager (Male) |
| 10:46 | Build | Farm |
| 11:11 | Build | Farm |
| 11:20 | Create | Villager (Male) |
| 11:21 | Create | Villager (Male) |
| 11:21 | Create | Villager (Male) |
| 11:23 | Build | Farm |
| 11:47 | Create | Serjeant |
| 12:07 | Create | Villager (Male) |
| 12:12 | Build | House |
| 12:27 | Create | Villager (Male) |
| 12:40 | Create | Villager (Male) |
| 12:42 | Build | Farm |
| 13:02 | Create | Serjeant |
| 13:12 | Create | Villager (Male) |
| 13:13 | Create | Villager (Male) |
| 13:14 | Build | Farm |
| 13:32 | Create | Villager (Male) |
| 13:37 | Build | House |
| 13:39 | Build | Farm |
| 14:02 | Build | Donjon |
| 14:25 | Build | Donjon |
| 14:26 | Create | Villager (Male) |
| 14:26 | Create | Villager (Male) |
| 14:56 | Create | Villager (Male) |
| 15:25 | Create | Serjeant |
| 15:59 | Create | Villager (Male) |
| 15:59 | Create | Villager (Male) |
| 16:09 | Create | Serjeant |
| 16:10 | Create | Villager (Male) |
| 16:17 | Create | Villager (Male) |
| 16:20 | Create | Serjeant |
| 16:41 | Create | Serjeant |
| 16:47 | Create | Villager (Male) |
| 16:47 | Create | Villager (Male) |
| 16:48 | Build | Farm |
| 16:49 | Build | Farm |
| 17:11 | Create | Villager (Male) |
| 17:13 | Build | Blacksmith |
| 17:17 | Build | House |
| 17:23 | Build | Donjon |
| 17:33 | Research | Town Watch |
| 17:42 | Create | Serjeant |
| 17:42 | Create | Serjeant |
| 17:46 | Build | House |
| 17:51 | Research | Fletching |
| 18:06 | Build | House |
| 18:09 | Create | Villager (Male) |
| 18:09 | Create | Villager (Male) |
| 18:11 | Build | Farm |
| 18:12 | Build | Farm |
| 18:39 | Create | Villager (Male) |
| 18:45 | Build | House |
| 18:46 | Build | House |
| 18:57 | Create | Serjeant |
| 19:02 | Create | Serjeant |
| 19:21 | Create | Villager (Male) |
| 19:35 | Create | Serjeant |
| 19:56 | Create | Villager (Male) |
| 19:57 | Create | Villager (Male) |
| 19:58 | Build | Farm |
| 20:08 | Build | Donjon |
| 20:20 | Create | Villager (Male) |
| 20:23 | Build | House |
| 20:28 | Build | Farm |
| 20:29 | Build | Farm |
| 21:49 | Create | Villager (Male) |
| 21:50 | Build | Market |
| 21:58 | Build | House |
| 21:59 | Build | House |
| 22:29 | Build | Donjon |
| 22:47 | Build | Stone Wall |
| 22:55 | Build | Farm |
| 23:04 | Build | Farm |
| 23:16 | Build | Farm |
| 23:19 | Create | Serjeant |
| 23:20 | Create | Serjeant |
| 23:20 | Create | Serjeant |
| 23:31 | Build | Stone Wall |
| 23:50 | Build | Stone Wall |
| 24:03 | Create | Serjeant |
| 24:40 | Research | Castle Age |
| 24:40 | Research | Castle Age |
| 24:48 | Build | Stone Wall |
| 25:20 | Create | Serjeant |
| 25:25 | Create | Serjeant |
| 25:48 | Build | Stone Wall |
| 25:49 | Build | Stone Wall |
| 25:49 | Build | Stone Wall |
| 25:49 | Build | Stone Wall |
| 25:50 | Build | Stone Wall |
| 26:06 | Create | Serjeant |
Match timeline
| 8:02 | _DaViCy_ · age_up feudal |
| 8:12 | Im_16Years_Old_IamCaPte · first_building Donjon |
| 8:40 | Im_16Years_Old_IamCaPte · wall_segment Palisade Wall x1 |
| 8:41 | Im_16Years_Old_IamCaPte · wall_segment Palisade Wall x1 |
| 8:43 | Im_16Years_Old_IamCaPte · wall_segment Palisade Wall x1 |
| 8:45 | Im_16Years_Old_IamCaPte · wall_segment Palisade Wall x1 |
| 8:47 | Im_16Years_Old_IamCaPte · wall_segment Palisade Wall x1 |
| 8:48 | Im_16Years_Old_IamCaPte · wall_segment Palisade Wall x1 |
| 9:30 | Im_16Years_Old_IamCaPte · age_up feudal |
| 10:51 | _DaViCy_ · wall_segment Palisade Wall x1 |
| 11:52 | _DaViCy_ · wall_segment Palisade Wall x5 |
| 12:12 | _DaViCy_ · wall_segment Palisade Wall x1 |
| 12:14 | _DaViCy_ · wall_segment Palisade Wall x1 |
| 12:18 | _DaViCy_ · wall_segment Palisade Wall x1 |
| 12:27 | _DaViCy_ · wall_segment Palisade Wall x1 |
| 12:29 | _DaViCy_ · wall_segment Palisade Wall x1 |
| 14:53 | _DaViCy_ · wall_segment Palisade Wall x1 |
| 15:06 | _DaViCy_ · wall_segment Palisade Wall x1 |
| 17:05 | _DaViCy_ · wall_segment Palisade Wall x1 |
| 17:51 | _DaViCy_ · wall_segment Palisade Wall x1 |
| 20:01 | _DaViCy_ · first_market_sell 100 food |
| 21:54 | _DaViCy_ · age_up castle |
| 22:47 | Im_16Years_Old_IamCaPte · wall_segment Stone Wall x6 |
| 22:58 | Im_16Years_Old_IamCaPte · first_market_buy 100 food |
| 23:00 | Im_16Years_Old_IamCaPte · first_market_sell 100 wood |
| 23:31 | Im_16Years_Old_IamCaPte · wall_segment Stone Wall x5 |
| 23:50 | Im_16Years_Old_IamCaPte · wall_segment Stone Wall x11 |
| 23:58 | _DaViCy_ · first_building Siege Workshop |
| 24:48 | Im_16Years_Old_IamCaPte · wall_segment Stone Wall x3 |
| 25:48 | Im_16Years_Old_IamCaPte · wall_segment Stone Wall x1 |
| 25:49 | Im_16Years_Old_IamCaPte · wall_segment Stone Wall x1 |
| 25:49 | Im_16Years_Old_IamCaPte · wall_segment Stone Wall x1 |
| 25:49 | Im_16Years_Old_IamCaPte · wall_segment Stone Wall x1 |
| 25:50 | Im_16Years_Old_IamCaPte · wall_segment Stone Wall x1 |
| 27:05 | Im_16Years_Old_IamCaPte · wall_segment Stone Wall x1 |
| 27:20 | Im_16Years_Old_IamCaPte · age_up castle |
| 28:42 | Im_16Years_Old_IamCaPte · first_building Monastery |
| 31:38 | _DaViCy_ · first_market_buy 100 stone |
| 32:14 | _DaViCy_ · first_building Castle |
| 33:39 | Im_16Years_Old_IamCaPte · first_building Siege Workshop |
| 35:38 | _DaViCy_ · first_building Barracks |
| 37:17 | _DaViCy_ · first_building Archery Range |
| 39:49 | _DaViCy_ · age_up imperial |
| 44:34 | Im_16Years_Old_IamCaPte · first_building Stable |
| 44:35 | Im_16Years_Old_IamCaPte · wall_segment Palisade Wall x1 |
| 46:54 | Im_16Years_Old_IamCaPte · age_up imperial |
| 47:07 | Im_16Years_Old_IamCaPte · first_building Castle |
| 47:43 | Im_16Years_Old_IamCaPte · wall_segment Stone Wall x1 |
| 47:44 | Im_16Years_Old_IamCaPte · wall_segment Stone Wall x1 |
| 54:00 | Im_16Years_Old_IamCaPte · first_building Archery Range |
| 54:40 | Im_16Years_Old_IamCaPte · resign |
[ AI ANALYSIS · 1 CREDIT ]
What really happened in this match?
Wolo.gg analyzes every decision: build order, eco, micro, common mistakes by bracket. Personalized analysis on WhatsApp or Discord in 30 seconds.
Civ guide
Malay
Perfil
_DaViCy_